 Dungeon Crawl Stone Soup version 0.31-a0-819-gf6de2f5ab6 (webtiles) character file.

Game seed: 628209031533792935

133 qw the Shooter (level 5, -1/32 HPs)
             Began as a Gargoyle Hunter on Sept 23, 2023.
             Killed from afar by Ijyb (6 damage)
             ... with a puff of flame
             ... on level 3 of the Dungeon.
             The game lasted 00:00:42 (1864 turns).

qw the Shooter (Gargoyle Hunter)                    Turns: 1864, Time: 00:00:42

Health: -1/32      AC:  8    Str: 14    XL:     5   Next: 16%
Magic:  5/5        EV: 16    Int: 10    God:
Gold:   157        SH:  0    Dex: 15    Spells: 4/4 levels left

rFire   . . .        Y - +0 shortbow
rCold   . . .        (shield currently unavailable)
rNeg    + . .        c - +0 leather armour
rPois   inf          a - +0 helmet
rElec   +            (no cloak)
rCorr   .            (no gloves)
SInv    .            (no boots)
Will    .....        (no amulet)
Stlth   ++           k - +5 ring of evasion
HPRegen 0.25/turn    (no ring)
MPRegen 0.09/turn

%: no passive effects
@: no status effects
A: sickness immunity, AC +4, negative energy resistance 1, electricity
resistance, torment resistance 1, petrification resistance
a: no special abilities


You were on level 3 of the Dungeon.
You visited 1 branch of the dungeon, and saw 3 of its levels.

You collected 157 gold pieces.


Innate Abilities, Weirdness & Mutations

You are immune to sickness and miasma.
Your stone body is resilient. (AC +4)
You are immune to poison.
You resist negative energy. (rN+)
You are resistant to electric shocks. (rElec)
You are resistant to unholy torment.
You are immune to petrification.


   Skills:
 - Level 3.2 Fighting
 + Level 5.9 Ranged Weapons
 - Level 1.5 Dodging
 - Level 1.1 Stealth


You had 4 spell levels left.
You didn't know any spells.
Your spell library was empty.

Inventory:

Hand Weapons
 Y - a +0 shortbow (weapon)
Armour
 a - a +0 helmet (worn)
 c - a +0 leather armour (worn)
Jewellery
 k - a +5 ring of evasion (left hand)
Scrolls
 d - 2 scrolls of identify
 e - a scroll of fog {unknown}
Potions
 b - a potion of curing
 h - a potion of haste {unknown}

Dungeon Overview and Level Annotations

Branches:
Dungeon (3/15)

Altars:

Annotations:
D:3 Ijyb


Message History

Ijyb zaps a wand.
The puff of flame hits you!
You shoot an arrow. The arrow completely misses Ijyb.
You shoot an arrow. The arrow hits Ijyb.
Ijyb is lightly wounded.
Ijyb misses you.
You shoot an arrow. The arrow hits Ijyb.
Ijyb is moderately wounded.
Ijyb closely misses you.
You shoot an arrow. The arrow misses Ijyb.
Ijyb zaps a wand.
The puff of flame hits you but does no damage.
You shoot an arrow. The arrow barely misses Ijyb.
Ijyb closely misses you. Ijyb barely misses you.
You shoot an arrow. The arrow hits Ijyb.
Ijyb is heavily wounded.
Ijyb hits you with a +0 club.
You shoot an arrow. The arrow hits Ijyb but does no damage.
Ijyb is heavily wounded.
Ijyb completely misses you.
You shoot an arrow. The arrow hits Ijyb.
Ijyb is severely wounded.
Ijyb misses you.
You shoot an arrow. The arrow hits Ijyb.
Ijyb is severely wounded.
Ijyb hits you but does no damage.
You shoot an arrow. The arrow closely misses Ijyb.
Ijyb hits you but does no damage.
You shoot an arrow. The arrow hits Ijyb but does no damage.
Ijyb is severely wounded.
Ijyb closely misses you.
You shoot an arrow. The arrow barely misses Ijyb.
Ijyb zaps a wand.
The puff of flame hits you.
You shoot an arrow. The arrow hits Ijyb.
Ijyb is almost dead.
Ijyb closely misses you.
Ijyb screams, "It's all mine!"
Ijyb hits you but does no damage.
You shoot an arrow. The arrow closely misses Ijyb.
Ijyb zaps a wand.
The puff of flame hits you.
You die...

# #.#.##.......#
# #...#........#
#####..........#
......#.###....##
#######.# ##....#
.# #.# #....# .#
#.# #....# .# ..#
#....## .# ###
####.@# .#
##g....... ##
.........
..........
...$.>.....
............
#######......
......


You could see Ijyb.

Vanquished Creatures
  An orc priest (D:2)
  4 gnolls (D:3)
  2 adders (D:2)
  2 worms (D:2)
  A dart slug (D:1)
  2 orcs (D:2)
  3 ball pythons
  2 bats (D:1)
  2 endoplasms
  2 giant cockroaches
  3 hobgoblins
  3 jackals (D:1)
  3 kobolds
  3 quokkas (D:2)
  4 frilled lizards
  A goblin (D:3)
  2 rats (D:2)
40 creatures vanquished.

Notes
Turn   | Place    | Note
-------+----------+-------------------------------------------
     0 | D:1      | qw the Gargoyle Hunter began the quest for the Orb.
     0 | D:1      | Reached XP level 1. HP: 12/12 MP: 1/1
     0 | D:1      | 0 ||| qw: Version: 0.3-a-83-gcd0e7d8
     0 | D:1      | 0 ||| qw: Game counter: 1527
     0 | D:1      | 0 ||| qw: Melee chars always use a shield: true
     0 | D:1      | 0 ||| qw: God list: Okawaru
     0 | D:1      | 0 ||| qw: Allow faded altars: false
     0 | D:1      | 0 ||| qw: Do Orc after clearing Dungeon:15 true
     0 | D:1      | 0 ||| qw: Do second Lair branch before Depths: true
     0 | D:1      | 0 ||| qw: Lair rune preference: random
     0 | D:1      | 0 ||| qw: Goals: Normal
     0 | D:1      | 0 ||| PLANNING D:1-11
   270 | D:1      | Reached XP level 2. HP: 17/17 MP: 2/2
   731 | D:1      | 731 ||| DROPPING ring of wizardry.
   732 | D:1      | 732 ||| UPGRADING to +5 ring of evasion.
   733 | D:1      | 733 ||| READING scroll labelled FIECVE QICESK.
   734 | D:1      | 734 ||| READING scroll labelled BIROOF DEU.
   735 | D:1      | 735 ||| READING scroll labelled GUENOI SAITAET.
   736 | D:1      | 736 ||| READING scroll labelled DOHYTWEISHROT.
   741 | D:1      | 741 ||| READING scroll labelled CIOQUW CISOD.
   742 | D:1      | 742 ||| DROPPING scroll of butterflies.
   810 | D:2      | Reached XP level 3. HP: 21/21 MP: 3/3
   889 | D:2      | Reached skill level 5 in Ranged Weapons
   894 | D:2      | Reached skill level 3 in Fighting
   894 | D:2      | Reached XP level 4. HP: 26/28 MP: 4/4
  1621 | D:2      | 1621 ||| UPGRADING to +0 helmet.
  1626 | D:2      | 1626 ||| DRINKING 2 coppery potions.
  1667 | D:3      | 1667 ||| RETREEAATING.
  1668 | D:3      | 1668 ||| STILL RETREEAATING.
  1671 | D:3      | 1671 ||| Stepping ~*~*~tactically~*~*~ (retreating).
  1686 | D:3      | Reached XP level 5. HP: 20/32 MP: 5/5
  1844 | D:3      | Noticed Ijyb
  1850 | D:3      | HP: 4/32 [Ijyb/puff of flame (7)]
  1856 | D:3      | HP: 4/32 [Ijyb/+0 club (1)]
  1862 | D:3      | HP: 4/32 [Ijyb/puff of flame (2)]
  1864 | D:3      | Killed from afar by Ijyb

Levels and vault maps discovered:
D:1:      heliophobic_arrival_henge, layout_loops_ring, minmay_tromino_i2
D:2:      layout_basic
D:3:      layout_basic, ashenzari_altar_1, nicolae_hepliaklqana_hazy_memory,
          uniq_ijyb

Skill      XL: |  1  2  3 |
---------------+----------+-----
Ranged Weapons | 5 |  5.9
Fighting       | 3 |  3.2
Dodging        | |  1.5
Stealth        | |  1.1

Action                     |  1- 3 |  4- 6 || total
---------------------------+-------+-------++-------
   Fire: Shortbow          |    69 |   101 ||   170
    Use: Scroll            |     5 |       ||     5
         Potion            |       |     1 ||     1
 Armour: Leather armour    |    15 |    27 ||    42
  Dodge: Dodged            |    18 |    29 ||    47

Table legend:
 A = Non-vault XP
 B = Vault XP
 C = Vault XP percentage of total XP
 D = Non-vault monster count
 E = Vault monster count
 F = Vault count percentage of total count
                 A         B        C        D         E       F
            +---------+---------+-------+---------+---------+-------
      Total |     189 |       2 |   1.0 |      39 |       1 |   2.5
            +---------+---------+-------+---------+---------+-------
        D:1 |      26 |       2 |   7.1 |      14 |       1 |   6.7
        D:2 |     103 |       0 |   0.0 |      19 |       0 |   0.0
        D:3 |      60 |       0 |   0.0 |       6 |       0 |   0.0
            +---------+---------+-------+---------+---------+-------
